 Dungeon Crawl Stone Soup version 0.22-a0-409-gb855193 (webtiles) character file.

6907 4thArraOfDagon the Arsonist (level 11, -4/91 (93) HPs)
             Began as an Ogre Fire Elementalist on May 10, 2018.
             Was the Champion of Cheibriados.
             Slain by a queen bee (12 damage)
             ... on level 9 of the Dungeon.
             The game lasted 00:17:27 (5832 turns).

4thArraOfDagon the Arsonist (OgFE)                  Turns: 5832, Time: 00:17:28

HP:   -4/91 (93)    AC:  4    Str: 29    XL:     11   Next: 7%
MP:   6/23          EV: 11    Int: 34    God:    Cheibriados [******]
Gold: 285           SH:  0    Dex: 26    Spells: 13/26 levels left

rFire    . . .     SeeInvis +   s - +6 battleaxe (freeze)
rCold    . . .     Gourm    .   (shield currently unavailable)
rNeg     . . .     Faith    +   a - +0 robe
rPois    .         Spirit   .   (helmet restricted)
rElec    .         Reflect  .   k - +0 cloak
rCorr    .         Harm     .   (gloves unavailable)
MR       ++...     Clarity  +   (boots unavailable)
Stlth    ++........             j - amulet of faith
HPRegen  0.25/turn              o - ring of see invisible
MPRegen  0.18/turn              (no ring)

@: lethally poisoned (-4 -> -7), very slow
A: large, unfitting armour, agile 1, clarity, magic resistance 1, tough skin 1,
MP-powered wands
a: Bend Time, Temporal Distortion, Slouch, Step From Time, Renounce Religion


You were on level 9 of the Dungeon.
You worshipped Cheibriados.
Cheibriados was exalted by your worship.
You were hungry.

You visited 1 branch of the dungeon, and saw 9 of its levels.

You collected 417 gold pieces.
You spent 132 gold pieces at shops.

Inventory:

Hand Weapons
 i - a +4 short sword of freezing
 s - a +6 battleaxe of freezing (weapon)
 u - a +2 whip of freezing
 D - the +1 long sword of the Brain {venom, rElec}
   (You found it on level 6 of the Dungeon)

   It poisons the flesh of those it strikes.
   It insulates you from electricity.
Missiles
 t - 3 large rocks (quivered)
Armour
 a - a +0 robe (worn)
 k - a +0 cloak (worn)
Magical Staves
 e - an uncursed staff of earth
Jewellery
 j - an amulet of faith (around neck)
 o - a ring of see invisible (left hand)
Wands
 v - a wand of clouds (1)
 y - a wand of acid (3)
 F - a wand of disintegration (17)
 H - a wand of polymorph (5)
Scrolls
 b - a scroll of random uselessness
 f - a scroll of teleportation
 g - 2 scrolls of enchant armour {unknown}
 h - 2 scrolls of noise {unknown}
 l - 4 scrolls of fear
 m - a scroll of fog
 n - a scroll of immolation
 p - a scroll of amnesia
 r - a scroll of magic mapping
 E - a scroll of torment {unknown}
Potions
 d - 4 potions of heal wounds
 q - a potion of cancellation
 w - a potion of lignification
 x - a potion of degeneration {unknown}
 z - a potion of haste
 A - 2 potions of flight
 B - 2 potions of curing
 C - a potion of agility
Comestibles
 c - 12 rations
 G - a chunk of flesh


   Skills:
 + Level 2.1 Fighting
 + Level 2.4 Dodging
 - Level 1.4 Stealth
 + Level 8.3 Spellcasting
 * Level 9.5 Conjurations
 * Level 9.8 Fire Magic
 + Level 1.9 Invocations


You had 13 spell levels left.
You knew the following spells:

 Your Spells              Type           Power        Failure   Level  Hunger
a - Flame Tongue          Conj/Fire      #####        1%          1    None
b - Conjure Flame         Conj/Fire      ######..     1%          3    None
c - Sticky Flame          Conj/Fire      ######..     1%          4    None
d - Fireball              Conj/Fire      ######....   1%          5    ###....


Dungeon Overview and Level Annotations

Branches:
Dungeon (9/15)             Temple (0/1) D:4            Lair (0/6) D:8
    Orc (0/2) D:9

Altars:
Cheibriados
Dithmenos
Elyvilon
Fedhas
Nemelex Xobeh
Okawaru
Ru
Wu Jian
Xom
Yredelemnul
Zin

Shops:
D:4 ?

Annotations:
D:9 Prince Ribbit


Innate Abilities, Weirdness & Mutations

You are too large for most types of armour.
You have tough skin. (AC +1)
You are agile. (Dex +2)
You possess an exceptional clarity of mind.
You are resistant to hostile enchantments. (MR+)
You expend magic power (3 MP) to strengthen your wands.


Message History

Unknown command.
You fail to use your ability.
The killer bee stings you!
You are more poisoned.
The killer bee poisons you! The killer bee completely misses you.
The queen bee stings you!!
Unknown command.
Unknown command.
Unknown command.
You fail to use your ability.
The killer bee stings you. x2
* * * LOW HITPOINT WARNING * * *
The queen bee calls on the killer bee to defend it!
The killer bee goes berserk!
Unknown command.
Unknown command.
Unknown command.
You fail to use your ability.
You feel sick. The killer bee stings you!
* * * LOW HITPOINT WARNING * * *
The killer bee stings you but does no damage.
The killer bee closely misses you. The queen bee stings you!
You die...

...^...........
............^.....#######
........>.........#.......
#...................#.......
....................#.......
....................#.......
#...................#.)....#
..........†y........#......#
#..y....yy@........#.......
.#†....y.........#.......
#..†..y.........#.......
#...............#.......
#...............#......#
#...............#......#
..................#......#
..##...............'......#
....................#......#


You could see a queen bee and 5 killer bees.

Vanquished Creatures
  A two-headed ogre (D:9)
  Pikel (D:5)
  A komodo dragon (D:8)
  Menkaure (D:4)
  A warg (D:9)
  4 sky beasts
  An ice beast (D:6)
  A black bear (D:6)
  4 necrophages (D:8)
  4 orc warriors
  3 phantoms
  A hornet zombie (D:8)
  4 ogres
  An eye of draining (D:5)
  2 centaurs
  A big kobold (D:7)
  5 bullfrogs
  A water moccasin zombie (D:8)
  4 scorpions
  A water moccasin skeleton (D:8)
  6 killer bees (D:9)
  3 howler monkeys
  20 wights
  3 crimson imps
  3 jellies
  2 bullfrog zombies (D:8)
  5 orc priests
  4 hounds
  2 centaur zombies (D:8)
  An iguana (D:4)
  9 orc wizards
  A bullfrog skeleton (D:4)
  4 worker ants
  2 hound zombies
  A hound skeleton (D:5)
  A mummy (D:8)
  A howler monkey zombie (D:8)
  A worker ant zombie (D:8)
  A howler monkey skeleton (D:6)
  9 adders
  A shadow imp (D:6)
  2 adder zombies (D:8)
  An adder skeleton (D:9)
  5 worms
  8 leopard geckos
  23 orcs
  6 giant cockroaches
  16 goblins
  10 hobgoblins
  15 jackals
  5 quokkas
  A ball python (D:1)
  9 bats
  2 frilled lizards
  14 kobolds
  A leopard gecko skeleton (D:6)
  A quokka zombie (D:8)
  3 rats
244 creatures vanquished.

Vanquished Creatures (others)
  3 slaves (D:5)
  2 jackals (D:5)
  A plant (D:8)
  2 withered plants (D:9)
8 creatures vanquished.

Grand Total: 252 creatures vanquished

Notes
Turn   | Place    | Note
-------+----------+-------------------------------------------
     0 | D:1      | 4thArraOfDagon the Ogre Fire Elementalist began the quest for the Orb.
     0 | D:1      | Reached XP level 1. HP: 16/16 MP: 3/3
    16 | D:1      | Reached skill level 1 in Conjurations
   106 | D:3      | Found a snail-covered altar of Cheibriados.
   117 | D:3      | Became a worshipper of Cheibriados the Contemplative
   247 | D:1      | Reached XP level 2. HP: 23/24 MP: 3/5
   387 | D:1      | Reached * piety under Cheibriados
   439 | D:1      | Reached XP level 3. HP: 22/31 MP: 2/7
   986 | D:2      | Found a blossoming altar of Fedhas.
   990 | D:2      | Reached ** piety under Cheibriados
  1024 | D:2      | Found an iron altar of Okawaru.
  1077 | D:2      | Found an ornate altar of the Wu Jian Council.
  1165 | D:2      | Reached XP level 4. HP: 38/39 MP: 3/8
  1503 | D:2      | Learned a level 3 spell: Conjure Flame
  1508 | D:2      | Learned a level 4 spell: Sticky Flame
  1760 | D:3      | Reached XP level 5. HP: 28/45 MP: 0/9
  1764 | D:3      | Reached *** piety under Cheibriados
  1917 | D:3      | Found a sacrificial altar of Ru.
  2225 | D:4      | Reached XP level 6. HP: 28/53 MP: 3/11
  2401 | D:4      | Found a staircase to the Ecumenical Temple.
  2430 | D:4      | Reached **** piety under Cheibriados
  2441 | D:4      | Noticed Menkaure
  2462 | D:4      | Killed Menkaure
  2462 | D:4      | Reached skill level 5 in Fire Magic
  2462 | D:4      | Reached XP level 7. HP: 29/59 MP: 3/13
  2833 | D:4      | Found Pianobro's Magic Scroll Boutique.
  2841 | D:4      | Bought a scroll of magic mapping for 42 gold pieces
  2841 | D:4      | Bought a scroll of identify for 24 gold pieces
  2841 | D:4      | Bought a scroll of identify for 24 gold pieces
  2841 | D:4      | Bought a scroll of fear for 42 gold pieces
  2873 | D:5      | Entered Level 5 of the Dungeon
  2937 | D:5      | Noticed Pikel
  2982 | D:5      | Killed Pikel
  2982 | D:5      | Reached skill level 5 in Spellcasting
  2982 | D:5      | Reached skill level 5 in Conjurations
  2982 | D:5      | Reached XP level 8. HP: 43/67 MP: 2/16
  3036 | D:5      | Found a shadowy altar of Dithmenos.
  3062 | D:5      | Found a shimmering altar of Xom.
  3065 | D:5      | Noticed an angel
  3068 | D:5      | Found a glowing silver altar of Zin.
  3295 | D:5      | Reached XP level 9. HP: 70/74 MP: 13/17
  3413 | D:6      | Reached ***** piety under Cheibriados
  3689 | D:6      | Got a bloodstained long sword
  3811 | D:6      | Found a white marble altar of Elyvilon.
  3811 | D:6      | Found a sacrificial altar of Ru.
  4038 | D:7      | Identified the +1 long sword of the Brain {venom, rElec} (You found it on level 6 of the Dungeon)
  4327 | D:7      | Reached XP level 10. HP: 76/81 MP: 17/20
  4340 | D:7      | Learned a level 5 spell: Fireball
  4343 | D:7      | Reached ****** piety under Cheibriados
  5114 | D:8      | Found a staircase to the Lair.
  5273 | D:8      | Found a sparkling altar of Nemelex Xobeh.
  5420 | D:9      | Noticed Prince Ribbit
  5434 | D:9      | Found a blossoming altar of Fedhas.
  5585 | D:9      | Found a staircase to the Orcish Mines.
  5612 | D:9      | Gained mutation: You are partially covered in icy blue scales. (AC +2) [potion of mutation]
  5612 | D:9      | Gained mutation: Your flesh is heat resistant. (rF+) [potion of mutation]
  5612 | D:9      | Gained mutation: Armour fits poorly on your strangely shaped body. [potion of mutation]
  5612 | D:9      | Gained mutation: You are partially covered in thin metallic scales. (AC +2) [potion of mutation]
  5613 | D:9      | Found a basalt altar of Yredelemnul.
  5619 | D:9      | Noticed a two-headed ogre
  5630 | D:9      | Killed a two-headed ogre
  5630 | D:9      | Reached skill level 1 in Fighting
  5630 | D:9      | Reached skill level 1 in Invocations
  5667 | D:9      | Reached XP level 11. HP: 45/91 MP: 12/23
  5771 | D:9      | Lost mutation: You are partially covered in icy blue scales. (AC +2) [potion of mutation]
  5771 | D:9      | Lost mutation: Your flesh is heat resistant. (rF+) [potion of mutation]
  5771 | D:9      | Lost mutation: You are partially covered in thin metallic scales. (AC +2) [potion of mutation]
  5771 | D:9      | Gained mutation: You are robust. (+10% HP) [potion of mutation]
  5771 | D:9      | Gained mutation: You are dopey. (Int -2) [potion of mutation]
  5771 | D:9      | Gained mutation: You are partially covered in iridescent scales. (AC +2) [potion of mutation]
  5772 | D:9      | Lost mutation: You are dopey. (Int -2) [potion of mutation]
  5772 | D:9      | Lost mutation: Armour fits poorly on your strangely shaped body. [potion of mutation]
  5772 | D:9      | Lost mutation: You are partially covered in iridescent scales. (AC +2) [potion of mutation]
  5772 | D:9      | Lost mutation: You are robust. (+10% HP) [potion of mutation]
  5772 | D:9      | Gained mutation: You are agile. (Dex +2) [potion of mutation]
  5772 | D:9      | Gained mutation: You expend magic power (3 MP) to strengthen your wands. [potion of mutation]
  5772 | D:9      | Gained mutation: You possess an exceptional clarity of mind. [potion of mutation]
  5772 | D:9      | Gained mutation: You are resistant to hostile enchantments. (MR+) [potion of mutation]
  5832 | D:9      | Slain by a queen bee

Vault maps used:
D:1:      dpeg_arrival_tiny_a, corexii_item_surrounded_by_moat
D:2:      kennysheep_the_goblin_king, lemuel_crystal_altar, fedhas_altar_2,
          okawaru_trees_2
D:3:      cheibriados_altar_1, first_ration, nicolae_ru_awakened_eye
D:4:      minmay_temple_entry_glassed_door, serial_shops, kennysheep_little_box,
          uniq_menkaure
D:5:      grunt_temple_overflow_order_and_chaos_1,
          nicolae_dithmenos_shadow_blocks, uniq_pikel
D:6:      chequers_temple_overflow_statue_of_worship, minivault_5
D:7:      roderic_roman_lattice
D:8:      nemelex_altar_shiori, david_lair_shrubbed, serial_undead,
          serial_undead_f, serial_undead_e, serial_undead_f, serial_undead_b,
          serial_undead_a, serial_undead_b, serial_undead_a, serial_undead_d
D:9:      yredelemnul_altar_generic, david_orc_3, basic_altar, david_nohive_1,
          minmay_holes, grunt_decor_resistance, uniq_prince_ribbit1

Skill      XL: |  1  2  3  4  5  6  7  8  9 10 11 |
---------------+----------------------------------+-----
Conjurations   | 1 2 3 4 5 6 8 9 |  9.5
Fire Magic     | 3 4 5 6 8 9 |  9.8
Spellcasting   | 3 4 5 7 8 |  8.3
Dodging        | 2 |  2.4
Fighting       | 1 2 |  2.1
Invocations    | 1 |  1.9
Stealth        | |  1.4

Action                   |  1- 3 |  4- 6 |  7- 9 | 10-12 || total
-------------------------+-------+-------+-------+-------++-------
Melee: Unarmed           |    86 |    25 |     6 |       ||   117
       Whip              |       |       |    45 |       ||    45
       Battleaxe         |       |       |    32 |    78 ||   110
Throw: Large rock        |       |       |       |     2 ||     2
 Cast: Flame Tongue      |    71 |    55 |    72 |    29 ||   227
       Sticky Flame      |       |     8 |    33 |    22 ||    63
       Conjure Flame     |       |     1 |     3 |    15 ||    19
       Fireball          |       |       |       |    15 ||    15
Invok: Slouch            |       |       |       |     1 ||     1
Evoke: Wand              |       |       |     2 |       ||     2
  Use: Potion            |     1 |     3 |     2 |     3 ||     9
       Scroll            |       |     3 |    10 |     1 ||    14
 Stab: Sleeping          |       |       |     1 |     1 ||     2
  Eat: Chunk             |       |     3 |     6 |     5 ||    14
Armor: Robe              |    46 |    15 |    45 |    28 ||   134
       Skin              |       |    18 |     1 |       ||    19
Dodge: Dodged            |    60 |    25 |   100 |    59 ||   244

Table legend:
 A = Spawn XP
 B = Non-spawn XP
 C = Spawn XP percentage of total XP
 D = Spawn monster count
 E = Non-spawn monster count
 F = Spawn count percentage of total count
 G = Total turns spent on level
                    A         B        C        D         E        F      G
               +---------+---------+-------+---------+---------+-------+---------
         Total |       0 |    9868 |   0.0 |       0 |     244 |   0.0 |  5832
               +---------+---------+-------+---------+---------+-------+---------
           D:1 |       0 |      43 |   0.0 |       0 |      28 |   0.0 |   766
           D:2 |       0 |      47 |   0.0 |       0 |      23 |   0.0 |   746
           D:3 |       0 |     138 |   0.0 |       0 |      21 |   0.0 |   663
           D:4 |       0 |     678 |   0.0 |       0 |      20 |   0.0 |   698
           D:5 |       0 |    1450 |   0.0 |       0 |      20 |   0.0 |   537
           D:6 |       0 |    1783 |   0.0 |       0 |      41 |   0.0 |   566
           D:7 |       0 |     927 |   0.0 |       0 |      21 |   0.0 |   600
           D:8 |       0 |    2689 |   0.0 |       0 |      45 |   0.0 |   852
           D:9 |       0 |    2113 |   0.0 |       0 |      25 |   0.0 |   404
               +---------+---------+-------+---------+---------+-------+---------
